 Dungeon Crawl Stone Soup version 0.22-a0-445-g8c8ef71 (webtiles) character file.

11663 riteheju the Blocker (level 11, -2/94 HPs)
             Began as a Minotaur Fighter on June 2, 2018.
             Was a High Priest of Okawaru.
             Slain by a vampire (10 damage)
             ... on level 11 of the Dungeon.
             The game lasted 00:57:17 (12914 turns).

riteheju the Blocker (Minotaur Fighter)            Turns: 12914, Time: 00:57:18

Health: -2/94      AC: 13    Str: 24    XL:     11   Next: 52%
Magic:  10/10      EV: 13    Int:  5    God:    Okawaru [*****.]
Gold:   552        SH: 13    Dex: 10    Spells: 10/10 levels left

rFire    + . .     SeeInvis .   i - +1 short sword (venom)
rCold    . . .     Gourm    .   c - +0 shield
rNeg     . . .     Faith    .   N - +1 acid dragon scales
rPois    .         Spirit   .   (helmet restricted)
rElec    .         Reflect  .   n - +2 cloak
rCorr    +         Harm     +   A - +0 pair of gloves
MR       .....                  (no boots)
Stlth    +.........             D - amulet of harm
HPRegen  0.25/turn              t - ring of protection from fire
MPRegen  0.12/turn              (no ring)

@: no status effects
A: retaliatory headbutt, horns 2
a: Heroism, Finesse, Renounce Religion


You were on level 11 of the Dungeon.
You worshipped Okawaru.
Okawaru was extremely pleased with you.
You were not hungry.

You visited 2 branches of the dungeon, and saw 12 of its levels.

You collected 633 gold pieces.
You spent 81 gold pieces at shops.

Inventory:

Hand Weapons
 a - a +0 long sword
 i - a +1 short sword of venom (weapon)
 q - a +4 dagger
 v - a cursed -3 flail
 y - a +0 spear
 B - a +1 trident of protection
 E - a +0 triple crossbow
Missiles
 g - 44 poisoned needles
 F - 3 javelins of returning (quivered)
Armour
 c - a +0 shield (worn)
 h - a +5 ring mail
 n - a +2 cloak (worn)
 A - a +0 pair of gloves (worn)
 I - the +1 robe of Trial and Error {rF+ Int+2 Dex-5}
   (You found it on level 9 of the Dungeon)

   It affects your intelligence (+2).
   It affects your dexterity (-5).
   It protects you from fire.
 N - +1 acid dragon scales (worn)
Jewellery
 t - a ring of protection from fire (left hand)
 D - an amulet of harm (around neck)
Wands
 d - a wand of flame (12)
 C - a wand of iceblast (17)
 K - a wand of polymorph (15)
 L - a wand of disintegration (10)
Scrolls
 e - 5 scrolls of identify
 j - a scroll of noise {unknown}
 k - 6 scrolls of teleportation
 l - 3 scrolls of enchant armour
 o - 4 scrolls of remove curse
 s - 2 scrolls of immolation {unknown}
 u - a scroll of enchant weapon
 G - a scroll of torment {unknown}
 H - 4 scrolls of magic mapping
Potions
 b - a potion of ambrosia
 m - 5 potions of brilliance
 p - 3 potions of resistance
 r - a potion of haste
 w - 2 potions of flight
 x - 4 potions of curing
 z - 2 potions of heal wounds
 J - a potion of mutation {unknown}
Comestibles
 f - 20 rations


   Skills:
 * Level 8.1 Fighting
 - Level 11.9(12.0) Short Blades
 + Level 2.7(8.9) Long Blades
 + Level 8.0 Armour
 - Level 5.0 Dodging
 + Level 2.0 Stealth
 * Level 13.0 Shields


You had 10 spell levels left.
You didn't know any spells.
Your spell library contained the following spells:

 Spells                   Type           Power        Failure   Level  Hunger
 Magic Dart               Conj           #...         63%         1    ##.....
 Iskenderun's Mystic Bla  Conj           #.......     100%        4    #####..
 Animate Dead             Necr           N/A          100%        4    #####..
 Pain                     Necr           #...         63%         1    ##.....
 Animate Skeleton         Necr           N/A          63%         1    ##.....
 Vampiric Draining        Necr           #.........   94%         3    ####...
 Regeneration             Chrm/Necr      #.........   94%         3    ####...
 Fulminant Prism          Conj/Hex       #.........   100%        4    #####..
 Dazzling Spray           Conj/Hex       #.....       94%         3    ####...
 Force Lance              Conj/Tloc      #.......     100%        4    #####..
 Searing Ray              Conj           #.....       77%         2    ###....


Dungeon Overview and Level Annotations

Branches:
Dungeon (11/15)            Temple (1/1) D:6
   Lair: D:8-11         Orc: D:9-12

Altars:
Ashenzari
Cheibriados
Dithmenos
Elyvilon
Fedhas
Gozag
Hepliaklqana
Kikubaaqudgha
Makhleb
Nemelex Xobeh
Okawaru
Qazlal
Ru
Sif Muna
Trog
Uskayaw
Vehumet
Wu Jian
Xom
Yredelemnul
Zin
The Shining One

Shops:
D:6 *:

Annotations:
D:8 Maurice


Innate Abilities, Weirdness & Mutations

You reflexively headbutt those who attack you in melee.
You have a pair of horns on your head.


Message History

You closely miss something. Something hits you but does no damage.
You block something's attack.
You hit something. You headbutt something! You barely miss something.
Your headbutt misses something.
Unholy energy fills the air.
* * * LOW HITPOINT WARNING * * *
You miss something. Something hits you!
* * * LOW HITPOINT WARNING * * *
Something bites you.
* * * LOW HITPOINT WARNING * * *
Something draws strength from your injuries!
There is a stone staircase leading up, spattered with blood here.
Things that are here:
a hand axe of venom; a stone You can't go down here!
Something hits you.
* * * LOW HITPOINT WARNING * * *
Something bites you!
You die...

..#.# #.#.#... . #.#.#... ...
.# #.#.#..### ....####..#
#.#.#..... z
.......###.D#.#.#..... ...
......Z..###..#.#.....
#...###########...###÷.#.....
#..........[@.Z.....###+†....
.........(.([([.....[.).......
..............................
.......##########...##########
....... #...# ....... #.....
....... ........ #######
##########


You could see a centaur warrior zombie.

Vanquished Creatures
  Erolcha (D:9)
  3 two-headed ogres
  The ghost of tstbtto the Cleaver, a novice TeBe of Trog (D:9)
  Pikel (D:7)
  A manticore (D:11)
  A kobold demonologist (D:11)
  A hippogriff (D:11)
  A human (D:10)
  A yak (D:10)
  3 hogs (D:10)
  A steam dragon (D:9)
  Menkaure (D:7)
  An acid dragon (D:11)
  A water moccasin (D:10)
  4 ice beasts
  9 sky beasts
  6 orc warriors
  A phantom (D:9)
  2 necrophages
  6 ogres
  A centaur (D:9)
  5 big kobolds
  5 bullfrogs
  A gnoll sergeant (D:8)
  A scorpion (D:9)
  12 killer bees
  7 wights
  A howler monkey (D:8)
  6 crimson imps
  A centaur zombie (D:7)
  3 bullfrog zombies
  6 hounds
  3 jellies
  6 orc priests
  A centaur skeleton (D:7)
  7 orc wizards
  Natasha (twice) (D:3)
  4 iguanas
  8 worker ants
  3 hound skeletons
  Robin (D:4)
  18 adders
  12 gnolls
  An adder zombie (D:5)
  2 oozes (D:2)
  2 adder skeletons
  4 worms
  A leopard gecko (D:6)
  46 orcs
  4 bats
  7 giant cockroaches
  15 goblins
  7 hobgoblins
  7 jackals
  5 quokkas
  2 ball pythons
  2 frilled lizards (D:1)
  A giant cockroach zombie (D:5)
  22 kobolds
  2 leopard gecko skeletons
  5 rats
295 creatures vanquished.

Notes
Turn   | Place    | Note
-------+----------+-------------------------------------------
     0 | D:1      | riteheju the Minotaur Fighter began the quest for the Orb.
     0 | D:1      | Reached XP level 1. HP: 19/19 MP: 0/0
   198 | D:1      | Reached XP level 2. HP: 25/27 MP: 1/1
   240 | D:1      | Reached skill level 4 in Shields
   790 | D:1      | You fall through a shaft!
   899 | D:2      | Found a sparkling altar of Nemelex Xobeh.
   939 | D:2      | Reached XP level 3. HP: 33/33 MP: 2/2
  1356 | D:2      | Reached skill level 1 in Short Blades
  1470 | D:3      | Reached XP level 4. HP: 40/40 MP: 3/3
  1664 | D:3      | Reached skill level 1 in Dodging
  1972 | D:3      | Noticed Natasha
  1978 | D:3      | Killed Natasha
  1978 | D:3      | Reached XP level 5. HP: 46/46 MP: 4/4
  1994 | D:3      | Noticed Natasha
  2000 | D:3      | Killed Natasha
  2512 | D:4      | Noticed Robin
  2514 | D:4      | Reached XP level 6. HP: 50/52 MP: 5/5
  2539 | D:4      | Killed Robin
  2983 | D:4      | Reached skill level 5 in Shields
  2992 | D:4      | Reached skill level 5 in Short Blades
  3544 | D:4      | Reached XP level 7. HP: 60/60 MP: 6/6
  4065 | D:5      | Entered Level 5 of the Dungeon
  4086 | D:5      | Reached skill level 5 in Armour
  4732 | D:5      | Reached skill level 6 in Shields
  4732 | D:5      | Reached XP level 8. HP: 67/67 MP: 7/7
  5385 | D:6      | Found Qobai's Book Emporium.
  5410 | D:6      | Found a staircase to the Ecumenical Temple.
  5432 | Temple   | Entered the Ecumenical Temple
  5502 | Temple   | Became a worshipper of Warmaster Okawaru
  6013 | D:6      | Reached skill level 7 in Shields
  6454 | D:6      | Found Talyil's Assorted Antiques.
  6463 | D:6      | Bought 3 scrolls labeled ZEUMIT ZAD QED for 51 gold pieces
  6463 | D:6      | Bought a metallic amethyst potion for 15 gold pieces
  6463 | D:6      | Bought a blue potion for 15 gold pieces
  6557 | D:6      | Found an ornate altar of the Wu Jian Council.
  6564 | D:6      | Found a bloodstained altar of Trog.
  6705 | D:7      | Reached * piety under Okawaru
  6705 | D:7      | Reached skill level 5 in Fighting
  6815 | D:7      | Reached XP level 9. HP: 74/74 MP: 8/8
  6949 | D:7      | Reached skill level 1 in Stealth
  6963 | D:7      | Noticed Pikel
  7049 | D:7      | Killed Pikel
  7049 | D:7      | Reached skill level 8 in Shields
  7241 | D:7      | Reached ** piety under Okawaru
  7253 | D:7      | Reached skill level 10 in Short Blades
  7370 | D:7      | Noticed Menkaure
  7779 | D:7      | Killed Menkaure
  8084 | D:8      | Reached skill level 9 in Shields
  8289 | D:8      | Noticed Maurice
  8721 | D:8      | Reached *** piety under Okawaru
  8721 | D:8      | Reached XP level 10. HP: 74/81 MP: 9/9
  8818 | D:8      | Received a gift from Okawaru
  9085 | D:8      | Noticed a two-headed ogre
  9099 | D:8      | Killed a two-headed ogre
  9099 | D:8      | Reached skill level 5 in Dodging
  9099 | D:8      | Reached skill level 10 in Shields
  9329 | D:8      | Reached **** piety under Okawaru
  9698 | D:9      | Noticed tstbtto's ghost (novice TeBe)
  9920 | D:9      | Got a bloodstained robe
  9921 | D:9      | Identified the +1 robe of Trial and Error {rF+ Int+2 Dex-5} (You found it on level 9 of the Dungeon)
 10073 | D:9      | Noticed Erolcha
 10084 | D:9      | Killed Erolcha
 10084 | D:9      | Reached skill level 11 in Shields
 10111 | D:9      | Found a shimmering altar of Xom.
 10191 | D:9      | Killed tstbtto's ghost
 10191 | D:9      | Reached ***** piety under Okawaru
 10909 | D:10     | Entered Level 10 of the Dungeon
 10920 | D:10     | Reached XP level 11. HP: 90/90 MP: 10/10
 11306 | D:10     | Reached skill level 12 in Shields
 11929 | D:10     | Noticed a two-headed ogre
 11942 | D:10     | Killed a two-headed ogre
 12520 | D:11     | Noticed a two-headed ogre
 12530 | D:11     | Killed a two-headed ogre
 12572 | D:11     | Reached skill level 13 in Shields
 12724 | D:11     | Noticed a five-headed hydra
 12914 | D:11     | Slain by a vampire

Vault maps used:
D:1:      minmay_arrival_three_doors, moated_statue
D:2:      nemelex_dance_club_becter
D:3:      first_ration, lemuel_another_geyser, uniq_natasha
D:4:      cheibrodos_pilgrimage, guppyfry_early_lair_pool, uniq_robin
D:6:      minitemple, minmay_temple_entry_nine_rooms, serial_shops, shop,
          nicolae_shop_trees
D:7:      uniq_menkaure, uniq_pikel
D:8:      uniq_maurice
D:9:      basic_altar, uniq_erolcha
D:10:     grunt_livestock
D:11:     minmay_the_grid_triangle_9x9_recursive_2
Temple:   regret_index_temple_chain_breaker

Skill      XL: |  1  2  3  4  5  6  7  8  9 10 11 |
---------------+----------------------------------+-----
Shields        | 4 5 6 7 9 11 13 | 13.0
Armour         | 4 5 6 7 8 |  8.0
Fighting       | 4 5 6 8 |  8.1
Short Blades   | 1 2 4 5 7 9 10 11 | 11.9
Dodging        | 1 2 3 4 5 |  5.0
Stealth        | 1 2 |  2.0
Long Blades    | |  2.7

Action                   |  1- 3 |  4- 6 |  7- 9 | 10-12 || total
-------------------------+-------+-------+-------+-------++-------
Melee: Long sword        |    17 |       |       |       ||    17
       Headbutt          |    11 |    30 |    88 |   115 ||   244
       Short sword       |    50 |   176 |   434 |   476 ||  1136
Invok: Heroism           |       |       |       |     1 ||     1
  Use: Scroll            |     2 |     2 |     6 |     4 ||    14
       Potion            |       |     1 |     1 |     1 ||     3
  Eat: Chunk             |     1 |     7 |    10 |     3 ||    21
       Ration            |       |       |     2 |     3 ||     5
Armor: Scale mail        |    15 |    20 |       |       ||    35
       Leather armour    |     4 |    30 |       |       ||    34
       Ring mail         |       |       |   128 |    88 ||   216
       Acid dragon scale |       |       |       |     5 ||     5
Dodge: Dodged            |    27 |    47 |   101 |    96 ||   271
Block: Shield            |    36 |    85 |   175 |   212 ||   508
       Rpst.: Long sword |     2 |       |       |       ||     2

Table legend:
 A = Spawn XP
 B = Non-spawn XP
 C = Spawn XP percentage of total XP
 D = Spawn monster count
 E = Non-spawn monster count
 F = Spawn count percentage of total count
 G = Total turns spent on level
                    A         B        C        D         E        F      G
               +---------+---------+-------+---------+---------+-------+---------
         Total |       0 |   16662 |   0.0 |       0 |     295 |   0.0 | 12914
               +---------+---------+-------+---------+---------+-------+---------
           D:1 |       0 |      29 |   0.0 |       0 |      17 |   0.0 |   790
           D:2 |       0 |      51 |   0.0 |       0 |      15 |   0.0 |   649
           D:3 |       0 |     264 |   0.0 |       0 |      27 |   0.0 |   998
           D:4 |       0 |     408 |   0.0 |       0 |      37 |   0.0 |  1628
           D:5 |       0 |     952 |   0.0 |       0 |      29 |   0.0 |  1283
           D:6 |       0 |     896 |   0.0 |       0 |      23 |   0.0 |  1482
           D:7 |       0 |    2022 |   0.0 |       0 |      30 |   0.0 |  1272
           D:8 |       0 |    2990 |   0.0 |       0 |      45 |   0.0 |  1324
           D:9 |       0 |    3331 |   0.0 |       0 |      29 |   0.0 |  1310
          D:10 |       0 |    2748 |   0.0 |       0 |      19 |   0.0 |  1395
          D:11 |       0 |    2971 |   0.0 |       0 |      24 |   0.0 |   610
               +---------+---------+-------+---------+---------+-------+---------
